AoeStats
← Ts1ba

Arena

510518930Analyzed
1v1 RM · 2d ago on Oct 1, 2026· 31m 19s· 2 players
Game mode
Random Map
Map size
Tiny (2 player)
Population
200
Speed
Normal
Resources
Standard
Victory
Conquest
Starting age
Dark Age
Ending age
Imperial Age
RankedLock teamsTeams togetherTeam positionsShared explorationLock speedFull tech treeHidden civsTurbo modeCheats
Victory
Defeat
🇹🇼 Malay · Taiwan
1009
+16
🇬🇪 Malay · Georgia
1005
-16
Ts1ba
12:13 Feudal Age
13:28 Horse Collar
16:41 Castle Age
14:53 Loom
17:19 Wheelbarrow
16:45 Double-Bit Axe
19:02 Heavy Plow
21:09 Wheelbarrow
20:52 Bow Saw
25:14 Hand Cart
26:12 Stone Mining
27:35 Stone Shaft Mining
27:18 Gold Mining
28:44 Gold Shaft Mining
33:32 Imperial Age
小胖胖
10:58 Feudal Age
15:33 Castle Age
15:37 Wheelbarrow
15:12 Double-Bit Axe
15:33 Horse Collar
18:59 Bow Saw
19:20 Heavy Plow
20:02 Loom
30:40 Imperial Age
28:42 Squires
28:42 Fletching
29:05 Forging
28:51 Arson
30:26 Hand Cart
29:56 Town Watch
31:15 Conscription
31:45 Iron Casting
31:31 Town Patrol
Connection lost

Rejoining the realm…

Still unreachable

The connection could not be restored.

Session expired

The server has moved on; the page needs a fresh start.